Map: Cactus Valley LE (Void)

Players

Musumeci - Winner!

  • Race: Zerg Zerg
  • League: Diamond
  • Spawn Location: 7:00

Lapin

  • Race: Zerg Zerg
  • League: Diamond
  • Spawn Location: 11:00

VOD

Have the link to the VOD?

Description

Time

  • Played on: March 2, 2017, 10:08 a.m.
  • Length: 5:12
Show
View Real Time Build Order
Export as new Build Order

Musumeci Zerg - Winner!

Build Orders: Pool First 

Get SALT Encoding   

  12  0:01  Drone  
  13  0:12  Drone  
  14  0:16  Drone, Extractor  
  15  0:30  Overlord  
  15  0:35  Extractor  
  14  0:36  Drone, Extractor  
  16  0:48  Spawning Pool  
  16  0:49  Drone  
  16  0:52  Drone  
  16  0:55  Extractor  
  16  1:02  Evolution Chamber  
  15  1:24  Hatchery  
  14  1:32  Drone x2  
  16  1:45  Queen  
  18  1:50  Zergling x2  
  19  1:57  Drone x2  
  21  2:05  Metabolic Boost  
  21  2:13  Overlord  
  21  2:28  Baneling Nest  
  20  2:31  Zergling x4  
  22  2:50  Queen  
  23  2:52  Zergling x6  
  23  2:55  Drone  
  27  3:12  Drone x2  
  29  3:14  Baneling x2  
  29  3:15  Zergling x4  
  31  3:35  Zergling x10  
  31  3:36  Overlord  
  36  3:55  Evolution Chamber  
  35  4:05  Zergling x14  
  35  4:27  Zergling x2  
  35  4:28  Zergling x6  
  38  4:41  Zergling x4  
  38  4:54  Zergling x4  
Show
View Real Time Build Order
Export as new Build Order

Lapin Zerg 

Build Orders: Pool First 

Get SALT Encoding   

  12  0:00  Drone  
  13  0:15  Overlord  
  13  0:26  Drone  
  14  0:35  Drone x2  
  16  0:37  Drone  
  17  0:47  Spawning Pool  
  16  0:50  Drone  
  16  0:54  Extractor  
  16  1:14  Hatchery  
  15  1:22  Drone x2  
  17  1:33  Zergling x4  
  19  1:43  Queen  
  21  1:49  Overlord  
  21  1:57  Drone  
  22  2:16  Drone x2  
  22  2:27  Queen, Drone  
  25  2:31  Queen  
  25  2:36  Metabolic Boost  
  27  2:39  Drone  
  27  2:43  Extractor  
  27  2:48  Extractor  
  27  2:51  Drone  
  29  2:54  Drone x3  
  32  3:00  Overlord  
  32  3:11  Drone x2  
  34  3:16  Zergling x4  
  36  3:29  Drone x3, Roach Warren  
  38  3:45  Drone x3  
  41  3:48  Extractor  
  41  3:50  Evolution Chamber  
  41  3:52  Drone x5  
  44  3:55  Extractor  
  44  3:57  Overlord  
  43  4:07  Evolution Chamber  
  42  4:13  Roach  
  42  4:14  Roach  
  32  4:27  Roach x3  
  33  4:36  Zergling x2  
Tags
 
Add a new tag
Caveats
  • Supply blocks, unpowered buildings, or Contaminate may cause inaccurate times.
  • Supply counts are checked every 10 seconds.